 Dungeon Crawl Stone Soup version 0.28.0-53-g5a82cb258f (webtiles) character file.

Game seed: 15077506032965961893

174 Sin92 the Skirmisher (level 5, -3/42 HPs)
             Began as a Demonspawn Fighter on July 5, 2022.
             Slain by Natasha (5 damage)
             ... on level 3 of the Dungeon.
             The game lasted 00:07:25 (2979 turns).

Sin92 the Skirmisher (Demonspawn Fighter)           Turns: 2979, Time: 00:07:25

Health: -3/42      AC: 11    Str: 16    XL:     5   Next: 28%
Magic:  5/5        EV:  6    Int: 10    God:
Gold:   179        SH:  5    Dex: 20    Spells: 4/4 levels left

rFire   + . .      SeeInvis .   a - +1 long sword
rCold   + . .      Faith    .   c - +0 buckler
rNeg    . . .      Spirit   .   k - +0 chain mail
rPois   +          Reflect  .   (no helmet)
rElec   +          Harm     .   (no cloak)
rCorr   +          Rampage  .   (no gloves)
Will    .....                   (no boots)
Stlth   ..........              (no amulet)
HPRegen 0.14/turn               l - +6 ring of dexterity
MPRegen 0.18/turn               (no ring)

@: resistant, slowed, very slow
A: claws 1, magic regeneration, sharp scales 2
a: no special abilities


You were on level 3 of the Dungeon.
You visited 1 branch of the dungeon, and saw 3 of its levels.

You collected 179 gold pieces.

Inventory:

Hand Weapons
 a - a +1 long sword (weapon)
Armour
 b - a +0 scale mail
 c - a +0 buckler (worn)
 k - a +0 chain mail (worn)
Jewellery
 l - a +6 ring of dexterity (left claw)
Wands
 m - a wand of mindburst (2)
Scrolls
 e - a scroll of enchant weapon
 f - 3 scrolls of identify {unknown}
 i - a scroll of blinking {unknown}
Potions
 d - a potion of might
 h - a potion of curing {unknown}
 j - a potion of berserk rage {unknown}
 n - a potion of mutation {unknown}


   Skills:
 + Level 3.7 Fighting
 * Level 3.5 Long Blades
 + Level 3.4 Armour
 + Level 3.3 Shields


You had 4 spell levels left.
You didn't know any spells.
Your spell library was empty.

Dungeon Overview and Level Annotations

Branches:
Dungeon (3/15)

Altars:

Shops:
D:2 ?([?

Annotations:
D:3 Natasha


Innate Abilities, Weirdness & Mutations

You have sharp fingernails.
You regenerate magic rapidly.
You are mostly covered in razor-sharp scales. (AC +2, Slay +2)


Message History

You barely miss Natasha.
Natasha is almost dead.
Natasha claws you. Natasha casts a spell at you. The magic dart hits you.
Natasha is nearby!
You are too injured to fight recklessly!
Natasha is nearby!
You are too injured to fight recklessly!
Natasha is nearby!
You are too injured to fight recklessly!
Natasha is nearby!
You are too injured to fight recklessly!
Unknown command.
You are too injured to fight recklessly!
You hit Natasha.
You kill Natasha!
Natasha screams in fury as she dies!
You start resting.
Natasha, Servant of Life and Death comes into view.
She is carrying a wand of flame (19).
Natasha casts a spell at you.
You feel yourself slow down.
Natasha zaps a wand.
The puff of flame hits you but does no damage.
Natasha casts a spell at you. The magic dart hits you.
Natasha zaps a wand.
The puff of flame hits you!
* * * LOW HITPOINT WARNING * * *
You hit Natasha.
Natasha is moderately wounded.
Natasha casts a spell at you. The magic dart hits you.
* * * LOW HITPOINT WARNING * * *
Unknown command.
It was a potion of resistance.
You feel protected. Natasha claws you!
* * * LOW HITPOINT WARNING * * *
Natasha claws you.
You die...

#....####.##.###.###.###
#...........##....†...#.
#.....#......'........##
#.....#..<#.##.......###
#.....#...#.##.......# #
#.....#.#.#.##.......# #
#....##.#.#.##.......#
#######h#.#.##.......#
#@#.#.##.......#
#.#.#..........#
#.#,#..,,,******
#.#,*,,,,,* #.#,*,,,,,*
#.#,*,***** #.#,*,*
#.#,*,* #.#,*,*


You could see Natasha.

Vanquished Creatures
  Natasha (twice) (D:3)
  An iguana (D:3)
  4 adders
  3 dart slugs
  2 orcs (D:3)
  3 ball pythons
  4 endoplasms
  3 giant cockroaches
  7 goblins
  6 hobgoblins
  3 quokkas
  6 bats
  4 frilled lizards (D:2)
  A kobold (D:3)
  7 rats
56 creatures vanquished.

Vanquished Creatures (others)
  A plant (D:1)
1 creature vanquished.

Grand Total: 57 creatures vanquished

Notes
Turn   | Place    | Note
-------+----------+-------------------------------------------
     0 | D:1      | Sin92 the Demonspawn Fighter began the quest for the Orb.
     0 | D:1      | Reached XP level 1. HP: 18/18 MP: 1/1
   155 | D:1      | Gained mutation: You have sharp fingernails. [demonic
                  | ancestry]
   155 | D:1      | Reached XP level 2. HP: 10/24 MP: 2/2
   506 | D:1      | You fall into a shaft and drop 1 floor!
   887 | D:1      | Gained mutation: You are partially covered in razor-sharp
                  | scales. (AC +1, Slay +1) [demonic ancestry]
   887 | D:1      | Reached XP level 3. HP: 27/29 MP: 3/3
  1183 | D:2      | Found Fontioma's Antique Armour Emporium.
  1342 | D:2      | Found Qotrej's Weapon Boutique.
  1566 | D:2      | Found Guasuc's Magic Scroll Emporium.
  1788 | D:2      | Gained mutation: You regenerate magic rapidly. [demonic
                  | ancestry]
  1788 | D:2      | Reached XP level 4. HP: 22/35 MP: 4/4
  1906 | D:2      | Found Quoph's Magic Scroll Boutique.
  2787 | D:3      | Noticed Natasha
  2792 | D:3      | Killed Natasha
  2793 | D:3      | Gained mutation: You are mostly covered in razor-sharp
                  | scales. (AC +2, Slay +2) [demonic ancestry]
  2793 | D:3      | Reached XP level 5. HP: 35/42 MP: 5/5
  2952 | D:3      | Noticed Natasha
  2962 | D:3      | Killed Natasha
  2968 | D:3      | Noticed Natasha
  2979 | D:3      | HP: 2/42 [Natasha (7)]
  2979 | D:3      | Slain by Natasha

Illustrated notes

Levels and vault maps discovered:
D:1:      roderic_crop_circles_arrival_small, layout_loops_cross, serial_rivers,
          chequers_serial_rivers_micro_e, chequers_serial_rivers_small_b,
          chequers_serial_rivers_room_b, chequers_serial_rivers_micro_d,
          minmay_rat_gold_closets
D:2:      layout_loops_cross, serial_shops, shop, nicolae_shop_trees,
          nicolae_shop_advertising_works [nicolae_subvault_shop_adworks], shop
D:3:      layout_basic, nicolae_concentric_dashed_squares_wild, uniq_natasha

Skill      XL: |  1  2  3  4 |
---------------+-------------+-----
Long Blades    | 2 3 |  3.5
Armour         | 3 |  3.4
Shields        | 3 |  3.3
Fighting       | |  3.7

Action                   |  1- 3 |  4- 6 || total
-------------------------+-------+-------++-------
Melee: Long sword        |   123 |    63 ||   186
  Use: Scroll            |       |     3 ||     3
       Potion            |       |     1 ||     1
Armor: Scale mail        |    69 |     5 ||    74
       Chain mail        |       |    34 ||    34
Dodge: Dodged            |    58 |    24 ||    82
Block: Buckler           |    33 |    15 ||    48
